Map: King Sejong Station LE

Players

StatiC

  • Race: Protoss Protoss
  • League: Master

Aegwynn - Winner!

  • Race: Zerg Zerg
  • League: Master

VOD

https://www.youtube.com/channel/UCcSgNfDNxvyisU-eCj9xyNg/playlists

Description

Time

  • Played on: Aug. 26, 2016, 7:59 a.m.
  • Length: 11:57
Show
View Real Time Build Order
Export as new Build Order

StatiC Protoss 

Build Orders:  

Get SALT Encoding   

  12  0:01  Probe (Chrono Boost)  
  13  0:11  Probe (Chrono Boost)  
  14  0:19  Pylon  
  14  0:22  Probe (Chrono Boost)  
  15  0:37  Probe (Chrono Boost)  
  16  0:48  Probe (Chrono Boost)  
  17  0:58  Probe (Chrono Boost)  
  18  1:09  Probe (Chrono Boost)  
  19  1:17  Nexus  
  19  1:20  Probe (Chrono Boost)  
  20  1:27  Gateway  
  20  1:30  Probe (Chrono Boost)  
  21  1:33  Assimilator  
  21  1:41  Probe (Chrono Boost)  
  21  1:44  Pylon  
  22  1:51  Probe (Chrono Boost)  
  23  2:03  Probe (Chrono Boost)  
  24  2:13  Zealot, Probe (Chrono Boost)  
  27  2:15  Cybernetics Core  
  27  2:21  Assimilator  
  27  2:24  Probe (Chrono Boost)  
  28  2:33  Probe (Chrono Boost)  
  28  2:35  Probe (Chrono Boost)  
  28  2:36  Gateway  
  30  2:43  Probe (Chrono Boost)  
  31  2:46  Probe (Chrono Boost)  
  32  2:52  Adept  
  32  2:53  Warp Gate  
  32  2:54  Probe (Chrono Boost)  
  36  3:01  Mothership Core (Chrono Boost)  
  36  3:04  Probe (Chrono Boost)  
  38  3:06  Pylon  
  38  3:15  Probe (Chrono Boost)  
  38  3:16  Gateway  
  38  3:19  Stalker  
  41  3:24  Stalker  
  43  3:29  Probe (Chrono Boost)  
  43  3:30  Probe (Chrono Boost)  
  43  3:34  Pylon  
  45  3:42  Probe x2 (Chrono Boost)  
  45  3:47  Stargate  
  47  3:49  Adept  
  49  3:59  Probe (Chrono Boost)  
  49  4:00  Stalker  
  50  4:04  Probe (Chrono Boost)  
  50  4:06  Assimilator  
  50  4:09  Probe (Chrono Boost)  
  52  4:10  Pylon  
  52  4:14  Stalker  
  52  4:16  Zealot  
  56  4:20  Probe x2 (Chrono Boost)  
  58  4:25  Pylon  
  58  4:30  Adept  
  61  4:31  Probe (Chrono Boost), Oracle  
  64  4:39  Probe (Chrono Boost)  
  64  4:42  Pylon  
  65  4:47  Probe (Chrono Boost)  
  65  4:50  Probe (Chrono Boost)  
  68  5:00  Probe x2 (Chrono Boost)  
  68  5:02  Assimilator  
  69  5:09  Sentry  
  69  5:10  Sentry  
  69  5:11  Probe x2 (Chrono Boost)  
  75  5:17  Pylon  
  76  5:21  Void Ray, Probe x2 (Chrono Boost)  
  80  5:32  Probe (Chrono Boost)  
  80  5:33  Zealot, Stalker  
  80  5:35  Probe (Chrono Boost)  
  86  5:42  Probe (Chrono Boost), Pylon  
  87  5:46  Probe (Chrono Boost), Pylon  
  88  5:55  Probe (Chrono Boost)  
  89  6:02  Probe (Chrono Boost)  
  89  6:03  Pylon  
  90  6:07  Void Ray, Probe (Chrono Boost)  
  90  6:10  Robotics Facility  
  90  6:12  Probe (Chrono Boost)  
  90  6:14  Zealot x2  
  90  6:17  Probe (Chrono Boost)  
  95  6:22  Pylon  
  95  6:25  Fleet Beacon  
  95  6:28  Stargate  
  96  6:33  Probe x2 (Chrono Boost)  
  96  6:43  Probe (Chrono Boost)  
  97  6:50  Probe (Chrono Boost)  
  97  6:52  Zealot x2  
  100  6:56  Probe (Chrono Boost), Observer  
  99  7:01  Void Ray  
  99  7:06  Probe (Chrono Boost)  
  104  7:12  Carrier  
  104  7:18  Probe (Chrono Boost)  
  104  7:20  Forge  
  105  7:25  Probe (Chrono Boost)  
  113  7:30  Probe (Chrono Boost)  
  113  7:36  Probe (Chrono Boost)  
  114  7:39  Zealot  
  114  7:40  Zealot, Adept  
  120  7:47  Nexus  
  120  7:50  Pylon  
  120  7:53  Pylon  
  118  8:08  Carrier, Probe (Chrono Boost), Protoss Air Weapons Level 1  
  118  8:10  Probe (Chrono Boost)  
  126  8:15  Photon Cannon  
  126  8:19  Probe (Chrono Boost)  
  127  8:20  Photon Cannon  
  127  8:23  Probe (Chrono Boost)  
  128  8:29  Probe (Chrono Boost)  
  129  8:37  Carrier  
  127  8:43  Probe (Chrono Boost)  
  127  8:45  Probe (Chrono Boost)  
  128  8:54  Assimilator  
  134  8:59  Probe (Chrono Boost)  
  134  9:00  Probe (Chrono Boost), Assimilator  
  136  9:03  Observer  
  136  9:04  Photon Cannon  
  136  9:07  Photon Cannon  
  136  9:09  Probe (Chrono Boost)  
  138  9:10  Pylon  
  138  9:13  Probe (Chrono Boost)  
  139  9:27  Probe (Chrono Boost)  
  139  9:28  Probe (Chrono Boost)  
  139  9:30  Photon Cannon  
  141  9:32  Photon Cannon  
  141  9:33  Carrier, Photon Cannon  
  141  9:35  Pylon  
  141  9:38  Probe (Chrono Boost)  
  148  9:40  Probe (Chrono Boost)  
  148  9:44  Adept  
  136  9:46  Adept  
  136  9:51  Carrier  
  127  9:56  Observer  
  127  9:59  Probe (Chrono Boost)  
  127  10:01  Zealot  
  127  10:04  Probe (Chrono Boost), Photon Cannon  
  136  10:09  Pylon  
  136  10:11  Probe (Chrono Boost)  
  133  10:15  Probe (Chrono Boost)  
  124  10:23  Probe (Chrono Boost)  
  124  10:25  Probe (Chrono Boost)  
  124  10:29  Adept  
  124  10:30  Sentry  
  124  10:35  Probe (Chrono Boost)  
  129  10:37  Probe (Chrono Boost)  
  129  10:38  Pylon  
  128  10:56  Adept x2  
  128  10:57  Adept  
  126  11:03  Probe (Chrono Boost)  
  125  11:29  Zealot x3, Probe (Chrono Boost)  
  110  11:45  Probe (Chrono Boost)  
Show
View Real Time Build Order
Export as new Build Order

Aegwynn Zerg - Winner!

Build Orders: Hatch First 

Get SALT Encoding   

  12  0:01  Drone  
  13  0:13  Overlord  
  13  0:19  Drone  
  14  0:32  Drone x2  
  16  0:36  Drone  
  17  0:58  Hatchery, Drone  
  17  1:01  Drone  
  18  1:09  Extractor  
  17  1:18  Spawning Pool  
  16  1:22  Drone  
  16  1:24  Drone  
  18  1:29  Extractor  
  18  1:30  Drone  
  18  1:40  Drone  
  19  1:51  Overlord  
  19  2:05  Queen  
  19  2:08  Drone  
  22  2:11  Metabolic Boost  
  22  2:12  Queen  
  24  2:17  Drone  
  25  2:23  Drone  
  25  2:25  Drone  
  25  2:26  Drone  
  28  2:33  Drone  
  28  2:35  Drone  
  30  2:46  Drone x2  
  30  2:50  Lair  
  32  2:55  Drone  
  33  3:00  Drone  
  34  3:06  Overlord  
  34  3:07  Drone  
  34  3:12  Extractor  
  34  3:13  Extractor  
  34  3:14  Drone  
  34  3:15  Drone x2  
  36  3:26  Zergling x6  
  39  3:28  Drone x2  
  39  3:31  Burrow  
  39  3:32  Drone  
  42  3:37  Drone  
  42  3:39  Overlord  
  43  3:45  Extractor  
  42  3:56  Drone x2  
  43  4:03  Drone x3  
  46  4:14  Overlord, Drone x3  
  49  4:20  Infestation Pit  
  49  4:23  Overlord x3  
  48  4:33  Overlord x2  
  48  4:35  Drone  
  48  4:37  Drone  
  50  4:39  Drone  
  51  4:51  Drone  
  52  4:53  Hatchery  
  52  4:59  Swarm Host  
  60  5:05  Zergling x6  
  63  5:07  Zergling x2  
  63  5:11  Zergling x6  
  67  5:17  Zergling x2  
  67  5:18  Spine Crawler  
  67  5:22  Zergling x2  
  67  5:30  Spore Crawler  
  59  5:36  Drone  
  59  5:37  Drone x3  
  59  5:38  Drone x2  
  59  5:42  Spore Crawler  
  62  5:43  Drone  
  62  5:49  Drone x2  
  65  5:50  Baneling Nest  
  65  5:53  Evolution Chamber  
  63  6:05  Drone  
  63  6:06  Drone x7  
  70  6:19  Zerg Melee Weapons Level 1  
  70  6:21  Drone x6  
  76  6:33  Infestation Pit  
  74  6:48  Spore Crawler, Drone x2  
  75  6:54  Queen  
  75  6:57  Queen  
  75  6:58  Drone x9  
  85  7:21  Drone x2  
  85  7:22  Hydralisk Den  
  86  7:23  Zergling x6  
  86  7:26  Overlord x2  
  86  7:27  Overlord x3  
  86  7:29  Hatchery  
  88  7:39  Zergling x6  
  87  7:53  Zergling x2  
  87  7:54  Zergling x10  
  87  7:57  Muscular Augments  
  93  8:01  Queen x2  
  93  8:02  Queen  
  99  8:06  Spore Crawler  
  98  8:13  Hydralisk x6  
  98  8:18  Zerg Missile Weapons Level 1  
  98  8:19  Centrifical Hooks  
  110  8:22  Hatchery  
  110  8:23  Hydralisk x4  
  114  8:35  Baneling  
  114  8:36  Baneling x8  
  114  8:37  Hydralisk, Queen  
  114  8:38  Hydralisk x3  
  124  8:47  Hydralisk x3  
  124  8:48  Spore Crawler  
  129  8:58  Hydralisk  
  129  8:59  Hydralisk x2  
  132  9:17  Hydralisk  
  132  9:23  Overlord x3  
  133  9:39  Hydralisk x4  
  128  9:53  Hydralisk x6  
  128  9:54  Hydralisk x9  
  149  10:13  Hydralisk x8  
  152  10:15  Zergling x2  
  152  10:16  Zergling x4  
  149  10:24  Hydralisk x3  
  149  10:25  Hydralisk  
  147  10:41  Hydralisk x7  
  157  10:46  Hive  
  144  11:00  Hydralisk  
  144  11:01  Hydralisk x4  
  144  11:04  Zergling x14  
  142  11:13  Hydralisk x3  
  144  11:20  Zergling x14  
  143  11:39  Zergling x12  
  149  11:40  Zergling x4  
  149  11:41  Baneling  
Tags
 
Add a new tag
Caveats
  • Supply blocks, unpowered buildings, or Contaminate may cause inaccurate times.
  • Supply counts are checked every 10 seconds.